 Dungeon Crawl Stone Soup version 0.32-a0-913-g739538afd8 (webtiles) character file.

Game seed: 17273334669621401915

10900 runemasterragnar the Skirmisher (level 11, 0/86 HPs)
             Began as a Coglin Hunter on Apr 7, 2024.
             Was a Follower of Okawaru.
             Slain by an unseen horror (6 damage)
             ... on level 11 of the Dungeon.
             The game lasted 00:09:56 (10685 turns).

runemasterragnar the Skirmisher (Coglin Hunter)    Turns: 10685, Time: 00:09:57

Health: 0/86       AC:  7    Str: 11    XL:     11   Next: 69%
Magic:  12/12      EV: 16    Int: 10    God:    Okawaru [*.....]
Gold:   693        SH:  0    Dex: 24    Spells: 7/10 levels left

rFire   . . .        a - +2 sling {Anneliese}
rCold   . . .        d - +0 sling {Lin}
rNeg    . . .        p - +0 leather armour of Youthful Indiscretion {+Inv Dex+3 Slay+2}
rPois   .            o - +1 helmet
rElec   .            (no cloak)
rCorr   .            q - +0 pair of gloves
SInv    .            x - +0 pair of boots
Will    .....        (amulet unavailable)
Stlth   ++++         (ring unavailable)
HPRegen 0.34/turn    (ring unavailable)
MPRegen 0.13/turn    (no gizmo)

%: no passive effects
@: studying Stealth
A: off-hand wielding, slow wielding, warmup strikes, no jewellery
a: Invent Gizmo, Renounce Religion, Evoke Invisibility, Heroism


You were on level 11 of the Dungeon.
You worshipped Okawaru.
Okawaru was aware of your devotion.
You visited 2 branches of the dungeon, and saw 12 of its levels.

You collected 693 gold pieces.

Inventory:

Hand Weapons
 a - a +2 sling (weapon) {Anneliese}
 d - a +0 sling (offhand) {Lin}
Armour
 o - a +1 helmet (worn)
 p - the +0 leather armour of Youthful Indiscretion (worn) {+Inv Dex+3 Slay+2}
   (You found it on level 3 of the Dungeon)

   Dex+3:     It affects your dexterity (+3).
   Slay+2:    It affects your accuracy & damage with ranged weapons and melee
   (+2).
   +Inv:      It lets you turn invisible.
 q - a +0 pair of gloves (worn)
 r - a scarf of invisibility
 x - a +0 pair of boots (worn)
 I - a +0 cloak
Wands
 b - a wand of acid (8)
 c - a wand of paralysis (7)
 F - a wand of iceblast (12)
Scrolls
 i - 2 scrolls of fog {unknown}
 k - a scroll of torment {unknown}
 n - a scroll of enchant weapon {unknown}
 t - 2 scrolls of noise {unknown}
 u - 2 scrolls of revelation {unknown}
 v - 2 scrolls of brand weapon {unknown}
 y - a scroll of amnesia {unknown}
 A - 2 scrolls of fear
 D - 4 scrolls of teleportation
 G - a scroll of poison
 J - a scroll of enchant armour {unknown}
 K - a scroll of immolation {unknown}
Potions
 e - a potion of lignification {unknown}
 f - a potion of resistance {unknown}
 g - 4 potions of heal wounds
 h - 3 potions of curing
 j - 3 potions of mutation
 l - 3 potions of cancellation {unknown}
 m - a potion of might {unknown}
 s - a potion of attraction {unknown}
 w - 3 potions of haste {unknown}
 z - 2 potions of brilliance {unknown}
 B - a potion of enlightenment {unknown}
 C - a potion of berserk rage {unknown}
 H - a potion of magic {unknown}
Miscellaneous
 E - a sack of spiders


   Skills:
 + Level 7.8 Fighting
 * Level 10.5 Ranged Weapons
 + Level 7.0 Dodging
 + Level 7.7 Stealth
 + Level 1.6 Invocations
 + Level 9.0 Evocations


You had 7 spell levels left.
You knew the following spells:

 Your Spells              Type           Power      Damage    Failure   Level
a - Apportation           Tloc           0%         N/A       45%         1
b - Blink                 Tloc           0%         N/A       58%         2

Your spell library contained the following spells:

 Spells                   Type           Power      Damage    Failure   Level
 Magic Dart               Conj           0%         1d3       45%         1
 Necrotise                Necr           0%         1d4       45%         1
 Sting                    Conj/Alch      0%         1d3       45%         1
 Ensorcelled Hibernation  Hex/Ice        0%         N/A       58%         2
 Jinxbite                 Hex            0%         N/A       58%         2
 Static Discharge         Conj/Air       0%         3-3/arc   58%         2
 Inner Flame              Hex/Fire       0%         N/A       83%         3
 Passwall                 Erth           0%         N/A       83%         3
 Swiftness                Air            0%         N/A       83%         3
 Airstrike                Air            0%         2d(0-16)  99%         4
 Flame Wave               Conj/Fire      0%         2d4       99%         4
 Sticky Flame             Fire/Alch      0%         2d4       99%         4
 Alistair's Intoxication  Alch           0%         N/A       100%        5
 Irradiate                Conj/Alch      0%         3d11      100%        5
 Ignition                 Fire           0%         3d3       100%        8
 Chain Lightning          Conj/Air       0%         N/A       100%        9
 Fire Storm               Conj/Fire      0%         5d1       100%        9
 Shatter                  Erth           0%         3d5*      100%        9
 Summon Small Mammal      Summ           Unusable   N/A       N/A         1
 Call Imp                 Summ           Unusable   N/A       N/A         2
 Summon Lightning Spire   Summ/Air       Unusable   N/A       N/A         4

Dungeon Overview and Level Annotations

Branches:
Dungeon (11/15)            Temple (1/1) D:4            Lair (0/5) D:8
    Orc (0/2) D:9

Altars:
Ashenzari
Cheibriados
Dithmenos
Elyvilon
Fedhas
Gozag
Hepliaklqana
Kikubaaqudgha
Makhleb
Nemelex Xobeh
Okawaru
Qazlal
Ru
Sif Muna
Trog
Uskayaw
Vehumet
Wu Jian
Xom
Yredelemnul
Zin
The Shining One

Shops:
D:8 =

Annotations:
D:4 4 runed translucent doors, Crazy Yiuf; pokeman's ghost, amateur DEHW
D:5 2 transporters
D:10 4 runed translucent doors


Innate Abilities, Weirdness & Mutations

You can wield a second weapon in your off-hand.
It takes a long time for you to wield or remove held weapons.
Your first few attacks do less damage.
You cannot equip rings or amulets.


Message History

You shoot a sling bullet. x2; Something hits you but does no damage.
Something barely misses you.
Unknown command.
Something hits you. Something hits you. Something closely misses you.
Something hits you.
You shoot a sling bullet. x2; Something hits you.
Something barely misses you. Something barely misses you. Something hits you.
You shoot a sling bullet. x2; Something hits you.
Something hits you.
You shoot a sling bullet. x2; Something hits you!
You shoot a sling bullet. x2; Something closely misses you.
Something hits you but does no damage. x2
You shoot a sling bullet. x2; Something hits you.
Something barely misses you. Something hits you but does no damage.
Something hits you but does no damage.
You shoot a sling bullet. x2; Something hits you but does no damage. x2
You shoot a sling bullet. x2; Something hits you. x2
You shoot a sling bullet. x2; Something hits you.
Something hits you but does no damage.
You shoot a sling bullet. x2; Something hits you but does no damage.
Something hits you.
You shoot a sling bullet. x2; Something hits you.
Something barely misses you. Something hits you.
You shoot a sling bullet. x2; Something hits you.
You shoot a sling bullet. x2; Something hits you but does no damage.
Something hits you. Something hits you. Something hits you but does no damage.
Something hits you.
* * * LOW HITPOINT WARNING * * *
Something hits you but does no damage. Something hits you!
* * * LOW HITPOINT WARNING * * *
Something hits you!
* * * LOW HITPOINT WARNING * * *
You shoot a sling bullet. x2; Something completely misses you.
You shoot a sling bullet. x2; Something hits you.
You die...

#.###.#.# #.###.#.#
#+ #.....#.# #.
#.#####.# #. #.# #.#
##.##### #.#####.#
###......# #.......#
#......#.####.#######
...........@{...#
#........#.######
##.........#
##.######## ##


There were no monsters in sight!

Vanquished Creatures
  2 two-headed ogres
  An ugly thing (D:10)
  2 elephants (D:8)
  Joseph (D:8)
  Maggie (D:9)
  2 trolls
  A hornet (D:8)
  A vampire (D:11)
  A basilisk (D:10)
  16 yaks
  3 wyverns
  An acid dragon (D:10)
  A water moccasin (D:7)
  3 orc warriors
  3 ice beasts
  2 black bears
  3 sky beasts
  4 centaurs
  A phantom (D:5)
  2 kobold brigands
  A bullfrog (D:8)
  A gnoll sergeant (D:11)
  8 scorpions
  12 wights
  5 killer bees (D:4)
  3 howler monkeys
  6 orc priests
  A bombardier beetle (D:7)
  5 hounds
  2 jellies
  2 sleepcaps
  Jessica (D:3)
  8 iguanas
  Ijyb (D:4)
  6 orc wizards
  Terence (D:3)
  4 gnolls
  2 adders
  A white imp (D:7)
  2 ufetubi (D:5)
  A dart slug (D:3)
  35 orcs
  A ball python (D:1)
  7 endoplasms
  A giant cockroach (D:1)
  5 goblins
  3 hobgoblins
  13 jackals
  15 kobolds
  2 quokkas
  6 bats
  6 frilled lizards
  2 rats (D:3)
220 creatures vanquished.

Notes
Turn   | Place    | Note
-------+----------+-------------------------------------------
     0 | D:1      | runemasterragnar the Coglin Hunter began the quest for the
                  | Orb.
     0 | D:1      | Reached XP level 1. HP: 16/16 MP: 1/1
   234 | D:1      | Reached skill level 1 in Stealth
   323 | D:1      | Reached XP level 2. HP: 22/22 MP: 2/2
  1000 | D:2      | Reached skill level 4 in Ranged Weapons
  1000 | D:2      | Reached XP level 3. HP: 28/28 MP: 3/3
  1515 | D:3      | Noticed Jessica
  1523 | D:3      | Killed Jessica
  1524 | D:3      | Reached XP level 4. HP: 27/34 MP: 4/4
  1760 | D:3      | Identified the +0 leather armour of Youthful Indiscretion
                  | {+Inv Dex+3 Slay+2}
  1862 | D:3      | Reached XP level 5. HP: 39/39 MP: 5/5
  1874 | D:3      | Noticed Terence
  1881 | D:3      | Killed Terence
  2075 | D:3      | Found a glowing silver altar of Zin.
  2227 | D:4      | Reached skill level 1 in Evocations
  2307 | D:4      | Reached skill level 5 in Ranged Weapons
  2307 | D:4      | Reached XP level 6. HP: 47/47 MP: 6/6
  2468 | D:4      | Reached XP level 7. HP: 52/52 MP: 7/7
  2596 | D:4      | Found a runed translucent gate.
  2597 | D:4      | Found a runed translucent gate.
  2597 | D:4      | Found a runed translucent gate.
  2598 | D:4      | Noticed pokeman's ghost (amateur DEHW)
  2716 | D:4      | Noticed Ijyb
  2728 | D:4      | Killed Ijyb
  2933 | D:4      | Found a staircase to the Ecumenical Temple.
  3003 | Temple   | Entered the Ecumenical Temple
  3106 | D:4      | Found a runed translucent door.
  3107 | D:4      | Noticed Crazy Yiuf
  3182 | D:5      | Entered Level 5 of the Dungeon
  3267 | D:5      | Reached skill level 6 in Ranged Weapons
  3297 | D:5      | Reached XP level 8. HP: 47/60 MP: 8/8
  3426 | D:5      | Found a transporter.
  3438 | D:5      | Found a transporter.
  3871 | D:5      | Found a blossoming altar of Fedhas.
  4223 | D:6      | Identified the +0 chain mail "Piruh" {+Inv rF- Regen+
                  | Dex+7}
  4451 | D:6      | Reached skill level 7 in Ranged Weapons
  4999 | D:7      | Reached skill level 5 in Fighting
  4999 | D:7      | Reached skill level 5 in Evocations
  4999 | D:7      | Reached XP level 9. HP: 68/68 MP: 9/9
  5230 | D:7      | Found a radiant altar of Vehumet.
  5320 | D:7      | Learned a level 1 spell: Apportation
  5323 | D:7      | Learned a level 2 spell: Blink
  5510 | D:7      | Reached skill level 5 in Dodging
  5543 | D:7      | Found a sparkling altar of Nemelex Xobeh.
  6105 | D:8      | Noticed Joseph
  6115 | D:8      | Killed Joseph
  6116 | D:8      | Reached skill level 8 in Ranged Weapons
  6256 | D:8      | Reached skill level 5 in Stealth
  6351 | D:8      | Identified the +3 chain mail "Yfiejat" {rElec rC+ Dex+3}
  6357 | D:8      | Reached XP level 10. HP: 69/76 MP: 10/10
  6706 | D:8      | Found a hide-covered altar of Uskayaw.
  6746 | D:8      | Noticed an elephant
  6758 | D:8      | Killed an elephant
  7029 | D:8      | Reached skill level 9 in Ranged Weapons
  7142 | D:8      | Identified a scroll of acquirement
  7143 | D:8      | Acquired a manual of Stealth
  7397 | D:8      | Found Cuchugyad's Jewellery Boutique.
  7416 | D:8      | Noticed an elephant
  7418 | D:8      | Found a staircase to the Lair.
  7428 | D:8      | Killed an elephant
  7665 | D:9      | Noticed Maggie
  7924 | D:9      | Identified the +12 rapier "Lorem Ipsum" {venom, Will+
                  | Str+3}
  8245 | D:9      | Killed Maggie
  8617 | D:9      | Found an opulent altar of Gozag.
  8683 | D:9      | Found a burning altar of Makhleb.
  8683 | D:9      | Noticed a blizzard demon
  8686 | D:9      | Noticed a smoke demon
  8686 | D:9      | Noticed an orange demon
  8729 | D:9      | Found a staircase to the Orcish Mines.
  8765 | D:10     | Entered Level 10 of the Dungeon
  8872 | D:10     | Found a large runed translucent door.
  8872 | D:10     | Found a large runed translucent door.
  8885 | D:10     | Noticed a two-headed ogre
  8895 | D:10     | Reached XP level 11. HP: 80/84 MP: 11/11
  8895 | D:10     | Killed a two-headed ogre
  8951 | D:10     | Noticed a manticore
  8952 | D:10     | Noticed a white ugly thing
  8973 | D:10     | Reached skill level 10 in Ranged Weapons
  9113 | D:10     | Found a stormy altar of Qazlal.
  9116 | D:10     | Found an iron altar of Okawaru.
  9194 | D:10     | Found an ornate altar of the Wu Jian Council.
  9194 | D:10     | Found a shimmering blue altar of Sif Muna.
  9252 | D:10     | Became a worshipper of Warmaster Okawaru
  9402 | D:10     | Found a large runed translucent door.
  9402 | D:10     | Found a large runed translucent door.
  9476 | D:10     | Noticed a purple ugly thing
  9486 | D:10     | Killed a purple ugly thing
  9847 | D:10     | Reached skill level 1 in Invocations
  9921 | D:11     | Reached * piety under Okawaru
 10260 | D:11     | Identified the +6 chain mail of the Great Game {+Blink
                  | rElec}
 10287 | D:11     | Noticed a two-headed ogre
 10295 | D:11     | Killed a two-headed ogre
 10685 | D:11     | Slain by an unseen horror

Illustrated notes

Levels and vault maps discovered:
D:1:      eino_arrival_water_cross, layout_basic
D:2:      layout_loops_cross
D:3:      layout_rooms, mainiacjoe_overflow_six_doors_small, uniq_jessica,
          uniq_terence
D:4:      layout_cave_pools, minmay_temple_entry_antechambers,
          gammafunk_ghost_nasty_kobolds, kennysheep_donut, uniq_ijyb,
          uniq_crazy_yiuf_cottage
D:5:      gammafunk_steamed_eel, layout_loops_ring, fedhas_altar_decomposition,
          st_stairs_9
D:6:      layout_gridville
D:7:      layout_cave_pods, nemelex_diamond_rough_becter, lemuel_doored_altar,
          minmay_misc_feat_square, kennysheep_generic_room_11
D:8:      layout_loops_corners, mainiacjoe_overflow_alcove_4,
          grunt_lair_entry_orc_guard_hut, serial_shops,
          nicolae_shop_gaudy_bauble, uniq_joseph
D:9:      layout_cave_pools, grunt_gozag_statues, makhleb_altar_promises_db,
          orc_0_dummy, uniq_maggie
D:10:     layout_irregular_city, mainiacjoe_overflow_catwalk,
          nicolae_qazlal_eye_of_the_storm, gammafunk_temple_overflow_statue,
          minmay_hollow_rounded_squares
D:11:     layout_loops_corners, kennysheep_generic_room_16
Temple:   jpeg_temple_clearing

Skill      XL: |  1  2  3  4  5  6  7  8  9 10 11 |
---------------+----------------------------------+-----
Stealth        | 1 2 3 4 5 6 7 |  7.7
Dodging        | 2 3 4 5 6 7 |  7.0
Ranged Weapons | 4 5 6 7 8 9 10 | 10.5
Fighting       | 3 4 5 6 7 |  7.8
Evocations     | 1 2 3 5 6 8 9 |  9.0
Invocations    | 1 |  1.6

Action                     |  1- 3 |  4- 6 |  7- 9 | 10-12 || total
---------------------------+-------+-------+-------+-------++-------
   Fire: Sling             |    94 |   170 |   592 |   650 ||  1506
  Evoke: Wand              |       |       |       |    13 ||    13
    Use: Scroll            |       |       |     7 |     4 ||    11
 Armour: Leather armour    |     5 |     9 |    78 |   132 ||   224
  Dodge: Dodged            |     5 |    12 |    87 |   133 ||   237

Table legend: (Time is in decaauts)
 A = Elapsed time spent in this place.
 B = Non-inter-level travel time spent in this place.
 C = Inter-level travel time spent in this place.
 D = Time resting spent in this place.
 E = Time spent auto-exploring this place.
 F = Levels seen in this place.
 G = Mean time per level.
                   A        B        C        D        E       F      G
               +--------+--------+--------+--------+--------+-----+--------+
         Total |  10730 |  10226 |    504 |   1621 |   7128 |  12 |  894.2 |
       Dungeon |  10729 |  10225 |    504 |   1621 |   7128 |  11 |  975.4 |
        Temple |      1 |      1 |      0 |      0 |      0 |   1 |    1.0 |
               +--------+--------+--------+--------+--------+-----+--------+

Top non-repeatable levels by time:
     D:8: 1782 daAuts
     D:7: 1152 daAuts
    D:10: 1100 daAuts
     D:4: 979 daAuts
     D:5: 957 daAuts
     D:9: 927 daAuts
     D:1: 864 daAuts
    D:11: 806 daAuts
     D:6: 785 daAuts
     D:3: 715 daAuts
     D:2: 658 daAuts
  Temple: 1 daAuts
